 Dungeon Crawl Stone Soup version 0.16.1-5-gaa23807 (webtiles) character file.

134 Chiseanne the Insei (level 5, -2/28 HPs)
             Began as a Vine Stalker Monk on Mar 28, 2015.
             Slain by Jessica
             ... wielding a +2 dagger of electrocution
              (15 damage)
             ... on level 2 of the Dungeon.
             The game lasted 00:03:40 (1481 turns).

Chiseanne the Insei (Vine Stalker Monk)             Turns: 1481, Time: 00:03:40

Health: -2/28      AC:  8    Str: 14    XL:     5   Next: 17%
Magic:  0/7        EV: 12    Int: 10    God:
Gold:   91         SH:  0    Dex: 17    Spells: 0 memorised, 4 levels left

rFire  . . .     SeeInvis .       - Unarmed
rCold  . . .     Clarity  .     a - +0 ring mail
rNeg   . . .     SustAb   .     (no shield)
rPois  .         Gourm    .     d - +2 hat
rElec  .         Spirit   +     k - +0 cloak
rCorr  .         Warding  .     (no gloves)
rMut   .         Stasis   .     (no boots)
MR     .....                    (no amulet)
Stlth  ++........               (no ring)
                                (no ring)

@: not resistant to hostile enchantments, unstealthy
A: fangs 2, regeneration 1, magic shield, antimagic bite, no device heal 3, rot
immunity
a: no special abilities


You were on level 2 of the Dungeon.
You were not hungry.

You visited 1 branch of the dungeon, and saw 2 of its levels.

You collected 91 gold pieces.

Inventory:

Missiles
 g - 5 curare-tipped needles
 h - 4 tomahawks (quivered)
 i - 12 poisoned needles
 j - 7 javelins
Armour
 a - a +0 ring mail (worn)
 d - a +2 hat (worn)
 k - a +0 cloak (worn)
Scrolls
 l - a scroll of identify
 m - a scroll of fear {unknown}
Potions
 c - 2 potions of curing {unknown}
 e - a potion of heal wounds {unknown}
 f - 2 potions of cancellation
Comestibles
 b - a bread ration


   Skills:
 * Level 3.3 Fighting
 * Level 1.1 Armour
 * Level 3.2 Dodging
 - Level 2.4 Stealth
 * Level 4.8 Unarmed Combat


You had 4 spell levels left.
You didn't know any spells.

Dungeon Overview and Level Annotations

Branches:
Dungeon (2/15)

Altars:
Zin

Annotations:
D:2 Jessica


Innate Abilities, Weirdness & Mutations

You have extremely sharp teeth.
Your natural rate of healing is unusually fast.
When hurt, damage is shared between your health and your magic reserves.
Your bite disrupts and absorbs the magic of your enemies.
Potions and wands cannot restore your health.
You are immune to rotting.


Message History

Ouch! That really hurt!
Jessica falters for a moment.
You hit Jessica. Your bite misses Jessica.
Jessica is heavily wounded.
Jessica casts a spell.
Jessica blinks!
Jessica gestures wildly while chanting.
Jessica blinks!
Jessica points at you and mumbles some strange words.
You easily resist.
Items here: )) †† a club x2 a hobgoblin corpse x2
Jessica completely misses you.
You closely miss Jessica. You bite Jessica, but do no damage.
Jessica is heavily wounded.
Jessica closely misses you. Jessica hits you but does no damage.
You are electrocuted!
Ouch! That really hurt!
You die...

#.# #...........######.#
#.#**#.###..#......# #.#
#.#*,..$..><######.# #.#
#.##.#.###.## ##.####.####
###.......##.#**###..........###
.##.#####.#...,,...............#
#.>.# #.#).#***###...........##
.##.# #....#######.............
.##.# *,*#...@@)...(###.#....##
.##.#****,*#.†######.##
#.###..## .##..............# #.#
#.###.... .####,####.!.....#
#.#**#........ .# *,***#.......#
#.##...##..... .#
*,**,#.......#*#.#*.####....# )#
*,*,*......<..,...,,,.......# )#
*,,*##.......##...,,........# .#
**,** ##......#*.##*,####....#


You could see Jessica.

Vanquished Creatures
  3 gnolls (D:2)
  5 adders (D:2)
  2 worms
  A giant gecko (D:1)
  3 ball pythons (D:1)
  A giant cockroach (D:1)
  3 goblins (D:1)
  4 hobgoblins
  12 jackals
  7 bats
  3 giant newts
  2 kobolds
  4 rats
50 creatures vanquished.

Notes
Turn   | Place    | Note
--------------------------------------------------------------
     0 | D:1      | Chiseanne, the Vine Stalker Monk, began the quest for the Orb.
     0 | D:1      | Reached XP level 1. HP: 11/11 MP: 1/1
   124 | D:1      | Reached XP level 2. HP: 16/16 MP: 3/3
   378 | D:1      | Reached XP level 3. HP: 17/19 MP: 4/4
  1085 | D:2      | Found a glowing silver altar of Zin.
  1110 | D:2      | Reached XP level 4. HP: 8/24 MP: 1/5
  1245 | D:2      | Reached skill level 1 in Armour
  1368 | D:2      | Reached XP level 5. HP: 28/28 MP: 7/7
  1447 | D:2      | Noticed Jessica
  1481 | D:2      | Slain by Jessica

Action                   |  1- 3 |  4- 6 || total
-------------------------+-------+-------++-------
Melee: Unarmed           |   104 |    76 ||   180
  Use: Scroll            |     4 |       ||     4
 Stab: Sleeping          |     1 |       ||     1
  Eat: Chunk             |     1 |     1 ||     2
